 Dungeon Crawl Stone Soup version 0.19.1-1-g22dce08 (webtiles) character file.

51 Gargoyl the Skirmisher (level 3, -8/31 HPs)
             Began as a Ghoul Abyssal Knight on Jan 2, 2017.
             Was a Believer of Lugonu.
             Mangled by Crazy Yiuf
             ... wielding a +2 quarterstaff of chaos
              (21 damage)
             ... on level 2 of the Dungeon.
             The game lasted 00:03:03 (1123 turns).

Gargoyl the Skirmisher (Ghoul Abyssal Knight)       Turns: 1123, Time: 00:03:03

Health: -8/31      AC:  7    Str: 15    XL:     3   Next: 81%
Magic:  3/3        EV:  8    Int:  7    God:    Lugonu [**....]
Gold:   45         SH:  6    Dex:  9    Spells: 0 memorised, 2 levels left

rFire  . . .     SeeInvis .     h - +2 whip (vamp)
rCold  + + .     Gourm    .     d - +2 ring mail {rC+}
rNeg   + + +     Faith    .     j - +0 shield
rPois  ∞         Spirit   .     (no helmet)
rElec  .         Reflect  .     (no cloak)
rCorr  .         Harm     .     (no gloves)
MR     .....                    (no boots)
Stlth  ..........               (no amulet)
                                (no ring)
                                (no ring)

@: rotting
A: rotting body, claws 1, carnivore 3, cold resistance 1, negative energy
resistance 3, slow regeneration 1, torment resistance, unbreathing
a: Depart the Abyss, Bend Space, Renounce Religion


You were on level 2 of the Dungeon.
You worshipped Lugonu.
Lugonu was pleased with you.
You were not hungry.

You visited 1 branch of the dungeon, and saw 2 of its levels.
You visited the Abyss 1 time.

You collected 45 gold pieces.

Inventory:

Hand Weapons
 a - a +1 hand axe
 h - a +2 vampiric whip (weapon)
 i - a +0 spear
Armour
 d - a +2 ring mail of cold resistance (worn)
 j - a +0 shield (worn)
Wands
 k - a wand of flame (31/48)
Scrolls
 g - a scroll of identify {unknown}
 l - a scroll of remove curse {unknown}
Potions
 b - a potion of heal wounds {unknown}
 e - a potion of curing
Comestibles
 c - 3 meat rations
 f - a chunk of flesh


   Skills:
 + Level 3.6 Fighting
 + Level 2.0 Axes
 + Level 0.3(1.2) Maces & Flails
 * Level 2.3 Armour
 + Level 1.5 Dodging
 + Level 0.3 Shields
 * Level 2.5 Invocations


You had 2 spell levels left.
You didn't know any spells.

Dungeon Overview and Level Annotations

Branches:
Dungeon (2/15)

Altars:

Annotations:
D:2 Crazy Yiuf


Innate Abilities, Weirdness & Mutations

Your body is rotting away.
You thrive on raw meat.
You are immune to poison.
You have sharp fingernails.
You are carnivorous and can eat meat at any time.
Your flesh is cold resistant. (rC+)
You are immune to negative energy. (rN+++)
You regenerate slowly when monsters are visible.
You are immune to unholy pain and torment.
You can survive without breathing.


Message History

Crazy Yiuf says, "Spliff leg light!"
There is an open door here.
You closely miss Crazy Yiuf.
Crazy Yiuf hits you with a quarterstaff of chaos!
You hit Crazy Yiuf.
Crazy Yiuf is lightly wounded.
Crazy Yiuf hits you with a quarterstaff of chaos!
* * * LOW HITPOINT WARNING * * *
It was a potion of curing.
You feel better.
Crazy Yiuf waves his quarterstaff at you.
Crazy Yiuf barely misses you.
Your shield prevents you from hitting Crazy Yiuf.
Crazy Yiuf is lightly wounded.
You block Crazy Yiuf's attack.
You barely miss Crazy Yiuf.
Crazy Yiuf is lightly wounded.
Crazy Yiuf hits you with a quarterstaff of chaos.
Space warps horribly around you!
Ouch! That really hurt!
You die...

#.# #.### ####....
#....... ####.###
♣♣♣♣♣#####.### ####
♣♣♣.♣........)..
#...#♣..♣.........###
#..g@.♣♣♣♣........#
#)..#♣♣ ♣♣....####
#### ♣♣#### ..# ###
#### ... #.# #..# #.#
##########.########..#
#.#
#..<....##...........#
#.#


You could see Crazy Yiuf.

Vanquished Creatures
  An adder (D:2)
  A worm (D:2)
  A dart slug (D:2)
  9 bats
  2 giant cockroaches (D:1)
  6 goblins (D:1)
  2 hobgoblins (D:2)
  2 jackals (D:1)
  A frilled lizard (D:1)
  7 kobolds (D:1)
  4 rats (D:1)
36 creatures vanquished.

Vanquished Creatures (others)
  2 starspawn tentacles (Abyss:1)
2 creatures vanquished.

Grand Total: 38 creatures vanquished

Notes
Turn   | Place    | Note
-------+----------+-------------------------------------------
     0 | Abyss:1  | Gargoyl the Ghoul Abyssal Knight began the quest for the Orb.
     0 | Abyss:1  | Reached XP level 1. HP: 19/19 MP: 1/1
    79 | Abyss:1  | Noticed a tentacled starspawn
    81 | Abyss:1  | Noticed an insubstantial wisp
    83 | D:1      | Escaped the Abyss
   224 | D:1      | Reached * piety under Lugonu
   234 | D:1      | Reached XP level 2. HP: 24/26 MP: 2/2
   668 | D:1      | Reached skill level 1 in Dodging
   668 | D:1      | Reached XP level 3. HP: 31/31 MP: 3/3
  1008 | D:2      | Reached ** piety under Lugonu
  1113 | D:2      | Found a runed door.
  1117 | D:2      | Noticed Crazy Yiuf
  1123 | D:2      | Mangled by Crazy Yiuf

Skill      XL: |  1  2 |
---------------+-------+-----
Armour         | 2 |  2.3
Axes           | 2 |  2.0
Dodging        | 1 |  1.5
Fighting       | |  3.6
Maces & Flails | |  0.3
Shields        | |  0.3
Invocations    | |  2.5

Action                   || total
-------------------------++-------
Melee: Hand axe          ||    37
       Whip              ||   101
Invok: Depart the Abyss  ||     1
  Use: Potion            ||     1
  Eat: Chunk             ||    14
       Meat ration       ||     1
Armor: Ring mail         ||    81
Dodge: Dodged            ||    65
Block: Shield            ||    32
